 Dungeon Crawl Stone Soup version 0.24.0-37-gcf1ca852f1 (webtiles) character file.

Game seed: 6093742368018643603, levelgen mode: deterministic

116 eccles the Chopper (level 4, -1/55 HPs)
             Began as a Demonspawn Berserker on Nov 28, 2019.
             Was a Believer of Trog.
             Slain by a gnoll
             ... wielding a +0 spear
              (7 damage)
             ... on level 3 of the Dungeon on Dec 3, 2019.
             The game lasted 00:11:33 (2242 turns).

eccles the Chopper (Demonspawn Berserker)           Turns: 2242, Time: 00:11:34

Health: -1/55      AC:  7    Str: 23    XL:     4   Next: 69%
Magic:  4/4        EV:  8    Int:  9    God:    Trog [**....]
Gold:   178        SH:  0    Dex: 12    Spells: 3/3 levels left

rFire    . . .     SeeInvis .   a - +0 hand axe
rCold    . . .     Gourm    .   (no shield)
rNeg     . . .     Faith    .   o - +0 scale mail
rPois    .         Spirit   .   (helmet restricted)
rElec    .         Reflect  .   (no cloak)
rCorr    .         Harm     .   (no gloves)
MR       .....                  u - +0 pair of boots
Stlth    ..........             (no amulet)
HPRegen  0.18/turn              (no ring)
MPRegen  0.09/turn              (no ring)

@: berserking, constricted, very quick
A: antennae 1
a: Berserk, Trog's Hand, Renounce Religion


You were on level 3 of the Dungeon.
You worshipped Trog.
Trog was pleased with you.
You were hungry.

You visited 1 branch of the dungeon, and saw 3 of its levels.

You collected 178 gold pieces.

Inventory:

Hand Weapons
 a - a +0 hand axe (weapon)
 b - a +0 hunting sling
 l - a +0 mace
Missiles
 f - 19 sling bullets
 h - 148 stones
 n - 13 arrows
 p - 15 poisoned darts (quivered)
Armour
 g - a +0 animal skin
 o - a +0 scale mail (worn)
 u - a +0 pair of boots (worn)
Jewellery
 j - a +3 ring of strength {unknown}
 k - an uncursed ring of ice {unknown}
Scrolls
 e - 5 scrolls of remove curse
 i - a scroll of identify
 t - a scroll of enchant armour {unknown}
 v - a scroll of magic mapping {unknown}
Potions
 d - a potion of mutation {unknown}
 m - a potion of invisibility {unknown}
 r - 2 potions of curing {unknown}
 s - a potion of heal wounds {unknown}
Comestibles
 c - 10 rations
 q - 5 chunks of flesh


   Skills:
 * Level 4.0 Fighting
 * Level 4.0 Axes
 + Level 0.1 Throwing
 + Level 1.9 Armour
 + Level 2.2 Dodging
 + Level 0.1 Stealth


You had 3 spell levels left.
You didn't know any spells.
Your spell library was empty.

Dungeon Overview and Level Annotations

Branches:
Dungeon (3/15)

Altars:


Innate Abilities, Weirdness & Mutations

You have a pair of small antennae on your head.


Message History

The gnoll hits you but does no damage. The ball python barely misses you.
The ball python constricts you.
You closely miss the ball python.
The ball python is severely wounded.
The ball python barely misses you. The ball python constricts you.
The gnoll closely misses you.
You barely miss the ball python.
The ball python is severely wounded.
The ball python bites you but does no damage.
* * * LOW HITPOINT WARNING * * *
The ball python constricts you.
Your scale mail prevents you from hitting the ball python.
The ball python is severely wounded.
The gnoll hits you from afar with a +0 spear.
* * * LOW HITPOINT WARNING * * *
You closely miss the ball python.
The ball python is severely wounded.
The ball python closely misses you. The ball python constricts you.
The gnoll hits you from afar with a +0 spear!
You die...

# #.# #.# #.#
#.#### ).# #....#
# .## #.##.# ##.
. #.##.# #...
#.##.#
#....######[##.#
#........g##.#
#.(...S@.#
##.#####.########
..(gg.)g.#
##w#######


You could see a gnoll and a ball python.

Vanquished Creatures
  2 gnolls (D:3)
  2 adders
  An ooze (D:1)
  2 dart slugs (D:2)
  4 leopard geckos
  An orc (D:3)
  4 giant cockroaches
  6 goblins
  14 hobgoblins
  3 jackals (D:2)
  6 bats
  2 frilled lizards (D:3)
  8 kobolds
  4 rats
59 creatures vanquished.

Notes
Turn   | Place    | Note
-------+----------+-------------------------------------------
     0 | D:1      | eccles the Demonspawn Berserker began the quest for the
                  | Orb.
     0 | D:1      | Reached XP level 1. HP: 18/18 MP: 1/1
   116 | D:1      | Gained mutation: You have a pair of small antennae on your
                  | head. [demonic ancestry]
   116 | D:1      | Reached XP level 2. HP: 18/24 MP: 2/2
   759 | D:2      | Reached XP level 3. HP: 29/29 MP: 3/3
   768 | D:2      | Reached ** piety under Trog
  1828 | D:3      | Reached XP level 4. HP: 36/37 MP: 4/4
  2242 | D:3      | Slain by a gnoll

Levels and vault maps discovered:
D:1:      minmay_arrival_doors, layout_rooms
D:2:      layout_basic
D:3:      layout_loops_ring, dancing_weapons_uskayaw

Skill      XL: |  1  2  3  4 |
---------------+-------------+-----
Axes           | 3 4 |  4.0
Dodging        | 2 |  2.2
Fighting       | 4 |  4.0
Throwing       | |  0.1
Armour         | |  1.9
Stealth        | |  0.1

Action                   |  1- 3 |  4- 6 || total
-------------------------+-------+-------++-------
Melee: Hand axe          |   122 |    55 ||   177
Throw: Dart              |     5 |     6 ||    11
Invok: Berserk           |     1 |     2 ||     3
  Use: Scroll            |     6 |       ||     6
 Stab: Sleeping          |     2 |       ||     2
       Distracted        |       |     1 ||     1
  Eat: Chunk             |     4 |     2 ||     6
Armor: Animal skin       |    32 |       ||    32
       Scale mail        |       |    19 ||    19
Dodge: Dodged            |    95 |    32 ||   127
